 Dungeon Crawl Stone Soup version 0.20-a0-268-gb6bde61 (webtiles) character file.

266 tboon the Shield-Bearer (level 6, -2/49 HPs)
             Began as a Formicid Fighter on Dec 6, 2016.
             Killed by nerve-wracking pain
             ... invoked by an orc priest
              (13 damage)
             ... on level 3 of the Dungeon.
             The game lasted 00:05:08 (1648 turns).

tboon the Shield-Bearer (Formicid Fighter)          Turns: 1648, Time: 00:05:08

Health: -2/49      AC:  8    Str: 21    XL:     6   Next: 44%
Magic:  6/6        EV:  8    Int:  7    God:
Gold:   104        SH: 10    Dex: 12    Spells: 5/5 levels left

rFire  + . .     SeeInvis +     a - +0 war axe
rCold  . . .     Gourm    .     b - +0 scale mail
rNeg   . . .     Faith    .     c - +0 shield
rPois  .         Spirit   .     (helmet unavailable)
rElec  .         Reflect  .     (no cloak)
rCorr  .         Harm     .     (no gloves)
MR     .....                    g - +0 pair of boots
Stlth  ..........               (no amulet)
                                d - ring of protection from fire {rF+, !d}
                                (no ring)

@: no status effects
A: permanent stasis, dig shafts and tunnels, four strong arms, antennae 3
a: Dig, Shaft Self


You were on level 3 of the Dungeon.
You were not hungry.

You visited 1 branch of the dungeon, and saw 3 of its levels.

You collected 104 gold pieces.

Inventory:

Hand Weapons
 a - a +0 war axe (weapon)
Armour
 b - a +0 scale mail (worn)
 c - a +0 shield (worn)
 g - a +0 pair of boots (worn)
   (You found it on level 1 of the Dungeon)
Jewellery
 d - a ring of protection from fire (right hand) {rF+, !d}
   (You found it on level 2 of the Dungeon)
Scrolls
 h - a scroll of amnesia {unknown}
 j - a scroll of remove curse {unknown}
 k - a scroll of noise {unknown}
 l - 2 scrolls of blinking {unknown}
 m - a scroll of fog {unknown}
 p - a scroll of random uselessness {unknown}
 r - a scroll of enchant armour {unknown}
 u - a scroll of enchant weapon {unknown}
Potions
 e - 2 potions of brilliance {unknown}
 q - a potion of resistance {unknown}
 t - a potion of flight {unknown}
 v - a potion of beneficial mutation {unknown}
Comestibles
 f - a bread ration
 i - 3 fruits
 n - 2 chunks of flesh
 o - 2 meat rations
 w - a beef jerky


   Skills:
 + Level 4.7 Fighting
 * Level 4.5 Axes
 - Level 3.2 Armour
 + Level 5.1 Shields


You had 5 spell levels left.
You didn't know any spells.

Dungeon Overview and Level Annotations

Branches:
Dungeon (3/15)

Altars:
Ru


Innate Abilities, Weirdness & Mutations

You cannot be hasted, slowed, berserked, paralysed or teleported.
You can dig through walls and to a lower floor.
Your four strong arms can wield two-handed weapons with a shield.
You have a pair of large antennae on your head. (SInv)


Message History

You remove your ring of see invisible {sInv, !d}.
You drop an uncursed ring of see invisible {sInv, !d}.
There is a stone staircase leading down here.
You see here an uncursed ring of see invisible {sInv, !d}.
You climb downwards.
There is a stone staircase leading up here.
You sense a monster nearby.
You sense a monster nearby.
An adder comes into view.
The adder hisses angrily.
Found a stone staircase leading down.
You hit the adder.
The adder is lightly wounded.
The adder bites you but does no damage.
You miss the adder.
The adder is lightly wounded.
The adder bites you but does no damage. x2
You barely miss the adder.
The adder is lightly wounded.
You block the adder's attack. x2
You barely miss the adder.
The adder is lightly wounded.
The adder bites you.
You closely miss the adder.
The adder is lightly wounded.
The adder bites you but does no damage. x2
You slash the adder!
You kill the adder!
You sense a monster nearby.
You see here an adder corpse.
You butcher the adder corpse.
n - 2 chunks of flesh An orc wizard comes into view.
It is wielding a dagger.
The orc wizard shouts!
Found a stone staircase leading down.
An orc comes into view.
The orc shouts!
The orc wizard casts a spell at you. The magic dart hits you!
An orc comes into view. It is wielding a hand axe.
There is a stone staircase leading down here.
An orc priest comes into view.
The orc shouts!
The orc priest shouts!
You hit the orc wizard.
The orc wizard is lightly wounded.
The orc wizard points at you and mumbles some strange words.
You are confused.
You bump into the rock wall.
The orc wizard hits you but does no damage.
You bump into the rock wall.
The orc barely misses you.
The orc wizard hits you but does no damage.
You bump into the rock wall.
The orc hits you but does no damage.
You bump into the rock wall.
The orc hits you but does no damage.
The orc wizard mumbles some strange words.
The orc wizard flickers and vanishes for a moment.
You barely miss the orc. You closely miss the orc.
The orc hits you but does no damage.
The orc priest calls down the wrath of Beogh upon you.
Beogh smites you! The orc closely misses you.
You closely miss the orc wizard.
The orc wizard is lightly wounded.
You barely miss the orc.
You feel less confused. You block the orc's attack.
You slash the orc!
You kill the orc!
You hit the orc wizard.
The orc wizard hits you but does no damage.
The orc priest calls down the wrath of Beogh upon you.
Beogh smites you!
The orc wizard hits you but does no damage.
You hit the orc but do no damage. You closely miss the orc wizard.
You block the orc's attack.
The orc wizard gestures at you while chanting.
You resist with some effort. You block the orc's attack.
You barely miss the orc. You closely miss the orc wizard.
The orc wizard closely misses you. You block the orc's attack.
You block the orc wizard's attack.
You hit the orc but do no damage. You barely miss the orc wizard.
You block the orc's attack. The orc wizard closely misses you.
You slash the orc!
You kill the orc!
You hit the orc wizard.
The orc priest invokes the aid of Beogh against you.
Beogh smites you!
* * * LOW HITPOINT WARNING * * *
The orc wizard hits you with a dagger.
* * * LOW HITPOINT WARNING * * *
You hit the orc priest.
The orc priest is heavily wounded.
You closely miss the orc wizard.
The orc wizard hits you but does no damage.
The orc priest invokes the aid of Beogh against you.
You struggle to resist.
You block the orc wizard's attack.
You hit the orc priest.
The orc priest is severely wounded.
You hit the orc wizard.
The orc priest mumbles some strange prayers to Beogh against you.
Pain shoots through your body!
You die...

#####.##...{
#.....##.....
#.############
#.# #.# #.#
##.##
#...####.##
>.....#.>@o...#
#####...##o#..#
##### ... ...
##..# # ..# .#
#


You could see an orc priest and an orc wizard (invisible).

Vanquished Creatures
  Sigmund (D:2)
  A gnoll (D:1)
  2 adders
  An ooze (D:1)
  2 worms (D:2)
  2 dart slugs (D:1)
  3 leopard geckos (D:2)
  2 orcs (D:3)
  4 bats
  6 goblins
  10 hobgoblins
  10 jackals (D:2)
  3 kobolds
  A quokka (D:2)
  10 frilled lizards
  4 rats
62 creatures vanquished.

Notes
Turn   | Place    | Note
-------+----------+-------------------------------------------
     0 | D:1      | tboon the Formicid Fighter began the quest for the Orb.
     0 | D:1      | Reached XP level 1. HP: 18/18 MP: 1/1
    70 | D:1      | Reached XP level 2. HP: 22/24 MP: 2/2
   169 | D:1      | Reached skill level 4 in Shields
   281 | D:1      | Reached XP level 3. HP: 25/29 MP: 3/3
   621 | D:2      | Reached skill level 3 in Axes
   686 | D:2      | Reached XP level 4. HP: 32/37 MP: 4/4
   699 | D:2      | Found a sacrificial altar of Ru.
  1153 | D:2      | Reached skill level 4 in Fighting
  1504 | D:2      | Noticed Sigmund
  1516 | D:2      | Reached XP level 5. HP: 42/42 MP: 5/5
  1519 | D:2      | Killed Sigmund
  1519 | D:2      | Reached skill level 4 in Axes
  1519 | D:2      | Reached skill level 5 in Shields
  1519 | D:2      | Reached XP level 6. HP: 49/49 MP: 6/6
  1646 | D:3      | HP: 11/49 [orc wizard/dagger (3)]
  1648 | D:3      | Killed from afar by an orc priest

Vault maps used:
D:1:      sevenhm_arrival_forest_fort_small_4
D:2:      nicolae_ru_awakened_eye, grunt_ministairs_2, minmay_lizard_king,
          uniq_sigmund
D:3:      first_bread

Skill      XL: |  1  2  3  4  5 |
---------------+----------------+-----
Shields        | 4 5 |  5.1
Axes           | 3 4 |  4.5
Fighting       | 4 |  4.7
Armour         | |  3.2

Action                   |  1- 3 |  4- 6 || total
-------------------------+-------+-------++-------
Melee: War axe           |    74 |   143 ||   217
  Use: Potion            |       |     1 ||     1
  Eat: Chunk             |       |     3 ||     3
Armor: Scale mail        |    37 |    66 ||   103
Dodge: Dodged            |    33 |    51 ||    84
Block: Shield            |    34 |    84 ||   118

Vault maps used:
D:1:      sevenhm_arrival_forest_fort_small_4
D:2:      nicolae_ru_awakened_eye, grunt_ministairs_2, minmay_lizard_king,
          uniq_sigmund
D:3:      first_bread

Table legend:
 A = Turns spent in this place as a percentage of turns spent in the entire game.
 B = Non-inter-level travel turns spent in this place as a percentage of non-inter-level travel turns spent in the entire game.
 C = Inter-level travel turns spent in this place as a percentage of turns spent in this place.
 D = Turns resting spent in this place as a percentage of non-inter-level travel turns spent in this place.
 E = Turns spent auto-exploring this place as a percentage of non-inter-level travel turns spent in this place.
 F = Non-inter-level travel turns spent in this place divided by the number of levels of this place that you've seen.
                   A       B       C       D       E      F
               +-------+-------+-------+-------+-------+----------------------
         Total | 100.0 | 100.0 |   0.0 |   2.1 |  16.1 | 161.7
       Dungeon | 100.0 | 100.0 |   0.0 |   2.1 |  16.1 | 161.7
               +-------+-------+-------+-------+-------+----------------------

Table legend:
 A = Kills in this place as a percentage of kills in entire the game.
 B = Kills by you in this place as a percentage of kills by you in the entire game.
 C = Kills by friends in this place as a percentage of kills by friends in the entire game.
 D = Other kills in this place as a percentage of other kills in the entire game.
 E = Experience gained in this place as a percentage of experience gained in the entire game.
 F = Experience gained in this place divided by the number of levels of this place that you have seen.
                   A       B       C       D       E      F
               +-------+-------+-------+-------+-------+----------------------
         Total | 100.0 | 100.0 |  -nan |  -nan | 100.0 | 127.0
       Dungeon | 100.0 | 100.0 |  -nan |  -nan | 100.0 | 127.0
               +-------+-------+-------+-------+-------+----------------------
